Map: Orbital Shipyard

Players

ILLBdA - Winner!

  • Race: Protoss Protoss
  • League: Diamond

Qibxong

  • Race: Zerg Zerg
  • League: Platinum

VOD

Have the link to the VOD?

Description

Time

  • Played on: Dec. 20, 2015, 8:25 a.m.
  • Length: 3:19
Show
View Real Time Build Order
Export as new Build Order

ILLBdA Protoss - Winner!

Build Orders:  

Get SALT Encoding   

  12  0:01  Probe (Chrono Boost)  
  13  0:11  Probe (Chrono Boost)  
  14  0:21  Pylon  
  14  0:23  Probe (Chrono Boost)  
  15  0:40  Probe (Chrono Boost)  
  15  0:42  Forge  
  16  0:50  Probe (Chrono Boost)  
  17  1:01  Probe (Chrono Boost)  
  18  1:11  Probe (Chrono Boost)  
  19  1:22  Probe (Chrono Boost)  
  20  1:29  Pylon  
  20  1:30  Pylon  
  20  1:32  Pylon  
  20  1:37  Pylon  
  20  1:51  Photon Cannon  
  20  1:53  Pylon  
  20  1:55  Probe (Chrono Boost)  
  20  1:59  Photon Cannon  
  21  2:08  Photon Cannon  
  21  2:11  Probe (Chrono Boost)  
  22  2:24  Probe (Chrono Boost)  
  22  2:27  Pylon  
  23  2:34  Probe (Chrono Boost)  
  24  2:45  Probe (Chrono Boost)  
  25  2:52  Gateway  
  25  2:53  Photon Cannon  
  25  2:55  Photon Cannon  
  25  2:58  Assimilator  
  25  3:09  Photon Cannon  
Show
View Real Time Build Order
Export as new Build Order

Qibxong Zerg 

Build Orders: Hatch First 

Get SALT Encoding   

  12  0:01  Drone  
  13  0:12  Overlord  
  13  0:17  Drone  
  14  0:31  Drone x2  
  16  0:35  Drone  
  17  0:55  Hatchery  
  17  0:56  Drone  
  17  1:01  Drone  
  18  1:23  Spawning Pool  
  17  1:34  Hatchery  
  17  1:36  Drone  
  17  1:42  Drone  
  17  1:43  Drone  
  19  1:56  Extractor  
  19  2:01  Drone  
  19  2:11  Queen  
  21  2:21  Zergling x6  
  21  2:22  Zergling x4  
  26  2:34  Spine Crawler  
  23  2:49  Drone x5  
  29  2:58  Zergling x6  
Tags
 
Add a new tag
Caveats
  • Supply blocks, unpowered buildings, or Contaminate may cause inaccurate times.
  • Supply counts are checked every 10 seconds.